[Event "Early-Titled-Tuesday-Blitz-October-17-2023"]
[Site "Chess.com"]
[Date "2023.10.17"]
[Round "3"]
[White "adotand"]
[Black "TregubovP"]
[Result "1-0"]
[WhiteElo "2862"]
[BlackElo "2597"]
[TimeControl "180+1"]
[EndTime "8:30:16 PDT"]
[Termination "adotand won by checkmate"]

1. Nf3 d5 2. e3 Nf6 3. c4 e6 4.
Nc3 c5 5. cxd5 exd5 6. d4 Nc6 7. h3 a6 8. Bd3 c4 9. Bc2 b5 10. a3 Be7 11. O-O O-O 12. Ne5 Bb7 13. f4 b4 14. axb4 Nxb4 15. Bb1 Rc8 16. Qf3 Qb6 17.
g4 Nd3 18. Nxd3 cxd3 19. Bxd3 Rfe8 20. Bf5 Rcd8 21. Na4 Qb3 22. Qd1 Qb5 23. Bd3 Qc6 24.
Bd2 Ne4 25. Be1 Qh6 26. Kg2 Bc6 27. Nc3 Bb7 28. Nxe4 dxe4 29. Be2 Rb8 30. Qa4 Bc6 31. Qa2 Bb5 32. Bxb5 Rxb5 33. Rf2 a5 34. Re2 Ra8 35. Qc4 Qb6 36. Bc3 Bb4 37. Rc1 Bxc3 38. Qxc3 g6 39.
Qc2 a4 40. Qxe4 Rb8 41. Rcc2 Rb3 42. Kh2 Qb5 43. Qe5 Qd3 44. Kg2 Qd1 45. d5 a3 46.
bxa3 Rb1 47. Kg3 Qg1+ 48. Kh4 Qf1 49. Kg5 R1b6 50. Kh4 Rd8 51. Qc7 Rbd6 52. Rcd2 Rxd5 53. Rxd5 Rxd5 54. Qc8+ Kg7 55. Qc3+ Kg8 56. Rb2 Rd8 57. Kg5 Qd1 58. Kh6 Qd6 59. Qg7# 1-0

[Event "Early-Titled-Tuesday-Blitz-October-17-2023"]
[Site "Chess.com"]
[Date "2023.10.17"]
[Round "3"]
[White "Resignify"]
[Black "Fh2411"]
[Result "1-0"]
[WhiteElo "2366"]
[BlackElo "2539"]
[TimeControl "180+1"]
[EndTime "8:30:17 PDT"]
[Termination "Resignify won on time"]

1. e4 c6 2. Nc3 d5 3. d4 dxe4 4. Nxe4 Nf6 5. Nxf6+ exf6 6. c3 Bd6 7. Bd3 O-O 8. Qc2 Re8+ 9. Ne2 h5 10. Be3 Be6 11.
Ng3 Bg4 12. Bh7+ Kf8 13. Bf5 g6 14. Bxg4 hxg4 15. O-O-O Kg7 16. Rde1 Rh8 17. Ne4 Be7 18. h3 f5 19. Nc5 gxh3 20. gxh3 b6 21. Nd3 Nd7 22. Bf4 Bg5 23. Qe2 Rh4 24. Bxg5 Qxg5+ 25. f4 Qh6 26. Qe7 Nf6 27. Qb7 Rf8 28. Qxc6 Rxf4 29. Nxf4 Qxf4+ 30. Kb1 Ne4 31. a3 Rh8 32. Ka1 Rh4 33. Qb7 Qd2 34. Qc6 Rf4 35. Qc4 Rf2 36.
Rb1 Qc2 37. Qd5 Nxc3 38. Qe5+ Kh7 39. Qe7 Nxb1 40. Qxf7+ Kh6 41. Qf8+ Kh7 42. Qf7+ Kh6 43. Qf8+ Kg5 44. Rg1+ Kf4 45. Rxb1 Qe2 46. Qd6+ Kg5 47. Qd8+ Kf4 48. Qd6+ Kf3 49. Qxg6 f4 50. Qg5 Ke3 51. Qe5+ Kd2 52. Qf5 Qe3 53. d5 Re2 54. d6 1-0

[Event "Early-Titled-Tuesday-Blitz-October-17-2023"]
[Site "Chess.com"]
[Date "2023.10.17"]
[Round "3"]
[White "Shockerlover"]
[Black "mfwagnerpeixoto"]
[Result "0-1"]
[WhiteElo "1948"]
[BlackElo "2336"]
[TimeControl "180+1"]
[EndTime "8:30:18 PDT"]
[Termination "mfwagnerpeixoto won on time"]

1. d4 Nf6 2. f3 c5 3. d5 d6 4. e4 g6 5. c4 Bg7 6. Nc3 O-O 7. Be3 e6 8. Qd2 exd5 9. cxd5 Re8 10. Bd3 a6 11.
Nge2 b5 12. O-O Nbd7 13. a3 Ne5 14. Bc2 Nc4 15. Qc1 b4 16. axb4 cxb4 17. Na4 Nxd5 18. Bg5 Bf6 19. Bxf6 Nxf6 20. Bb3 Ne5 21. Nd4 Bd7 22. Qg5 Nh5 23. Qd2 a5 24. Rfd1 Qb8 25. f4 Nc6 26. Nxc6 Bxc6 27. Qxd6 Qxd6 28. Rxd6 Bxe4 29.
Rd7 Rf8 30. g3 Bc6 31. Rc7 Bxa4 32. Bxa4 Rad8 33. Rac1 Rd2 34. b3 Rfd8 35. R7c5 R2d5 36. Kf2 Nf6 37. Kf3 Rxc5 38. Rxc5 Rd5 39. Rc7 Rd2 40. h3 h5 41. Rc8+ Kg7 42. Rc7 Rd3+ 43. Kg2 Ne4 44. g4 hxg4 45. hxg4 Rg3+ 46. Kf1 Rxg4 47.
Be8 Rxf4+ 48. Ke2 Nd6 49. Bc6 Rf6 50. Bd5 Nf5 0-1

[Event "Early-Titled-Tuesday-Blitz-October-17-2023"]
[Site "Chess.com"]
[Date "2023.10.17"]
[Round "3"]
[White "esrosenberg"]
[Black "averageFM"]
[Result "1-0"]
[WhiteElo "2395"]
[BlackElo "2550"]
[TimeControl "180+1"]
[EndTime "8:30:19 PDT"]
[Termination "esrosenberg won by resignation"]

1. d4 Nf6 2. Nf3 d5 3. g3 e6 4. Bg2 Be7 5. O-O O-O 6. c4 dxc4 7. Na3 Bxa3 8. bxa3 Nc6 9. a4 Nb4 10. Ba3 a5 11.
Ne5 c3 12. e3 Nfd5 13. Qb3 f5 14. Rfd1 b6 15. Rac1 Ba6 16. Bxd5 exd5 17. Bxb4 axb4 18. Qxb4 Qd6 19. Qxc3 c5 20. dxc5 bxc5 21. Nd3 Bxd3 22. Rxd3 c4 23. Qxc4 dxc4 24. Rxd6 Rxa4 25. Rc6 Rxa2 26.
R6xc4 Rd8 27. Rc8 Rxc8 28. Rxc8+ Kf7 29. Rc6 h5 30. h4 g6 31. Kg2 Rb2 32. Kf3 Ra2 33. Rb6 Rc2 34. Kg2 Ra2 35. Rd6 Rb2 36. Kf1 Ra2 37. Ke1 Rb2 38. Rd2 Rb3 39. Ke2 Ke6 40.
Kf3 Ke5 41. Ra2 Rc3 42. Ra6 f4 43. Rxg6 fxe3 44. fxe3 Kf5 45. Rg5+ Kf6 46. Rxh5 Kg6 47. Rg5+ Kh6 48. Kf4 Kh7 49. g4 Rc1 50. h5 Rf1+ 51. Ke4 Kh6 52. Rg6+ Kh7 53. Ke5 Rf3 54. e4 Rf8 55. g5 Rf1 56. Ke6 Rh1 57. Rh6+ Kg7 58. e5 Ra1 59. Rg6+ Kh7 60. Rf6 Ra6+ 61. Kf5 Ra7 62.
g6+ Kg8 63. Rf7 Ra1 64. Kf6 Rf1+ 65. Ke7 Rh1 66. Rh7 Re1 67. e6 Rd1 68. h6 Re1 69. Rg7+ Kh8 70. Rf7 1-0

[Event "Early-Titled-Tuesday-Blitz-October-17-2023"]
[Site "Chess.com"]
[Date "2023.10.17"]
[Round "3"]
[White "bazar-wokzal"]
[Black "supereagles1201"]
[Result "1-0"]
[WhiteElo "2567"]
[BlackElo "2363"]
[TimeControl "180+1"]
[EndTime "8:30:19 PDT"]
[Termination "bazar-wokzal won on time"]

1. e4 d6 2. f4 Nf6 3. Nc3 d5 4. e5 d4 5. Nce2 Nd5 6. Nxd4 Nxf4 7. Ngf3 c5 8. Bb5+ Bd7 9. e6 Nxe6 10. Nxe6 fxe6 11.
Qe2 Nc6 12. O-O Nd4 13. Nxd4 cxd4 14. Qxe6 Bxb5 15. Qf7+ Kd7 16. Qd5+ Kc7 17. Qxb5 d3 18.
Rf4 a6 19. Qc4+ Kb8 20. b3 e5 21. Re4 Qc7 22. Qxd3 Bc5+ 23. Kh1 Rd8 24. Qe2 Ka7 25. Bb2 Bd4 26. c3 Bb6 27. Rxe5 Rf8 28. d4 Rf7 29. Re1 Raf8 30. Ba3 Qxc3 31. Bxf8 Rxf8 32. Re7 Qxd4 33.
Qe4 Qxe4 34. R7xe4 Rf2 35. R4e2 Rf4 36. g3 Rd4 37. Kg2 h5 38. Kh3 g5 39. Re5 g4+ 40. Kg2 Rd2+ 41. R1e2 Rd1 42. h3 Rg1+ 43. Kh2 gxh3 44.
Kxh3 Rh1+ 45. Kg2 Rg1+ 46. Kf3 Bc7 47. Rxh5 Rxg3+ 48. Ke4 Bb6 49. Rh7 Rg4+ 50. Kd3 Rb4 51. Ree7 Bc5 52. Rc7 Bf2 53. Rc4 Rb5 54. Rf7 Bg1 55.
Kc2 Bb6 56. Re4 Bc5 57. Rh4 Bg1 58. Rhh7 Be3 59. a4 Rb6 60. Re7 Rb4 61. Rxe3 1-0

[Event "Early-Titled-Tuesday-Blitz-October-17-2023"]
[Site "Chess.com"]
[Date "2023.10.17"]
[Round "3"]
[White "Chessdreamer2020"]
[Black "Dewarfd"]
[Result "0-1"]
[WhiteElo "2516"]
[BlackElo "2197"]
[TimeControl "180+1"]
[EndTime "8:30:22 PDT"]
[Termination "Dewarfd won on time"]

1. e4 e5 2. Nc3 Nf6 3. Nf3 Nc6 4. d4 exd4 5. Nxd4 Bb4 6. Nxc6 bxc6 7. Bd3 O-O 8. O-O d5 9. exd5 cxd5 10. h3 c5 11. Bg5 Be6 12. Qf3 Bxc3 13. bxc3 c4 14. Bf5 Qd6 15. Bxf6 gxf6 16. Rad1 Qe5 17. Bxe6 fxe6 18. Rfe1 Qf5 19. Qxf5 exf5 20. Rxd5 Rad8 21. Red1 Rde8 22. R1d2 Re5 23. R5d4 Rc8 24. Rd8+ Rxd8 25. Rxd8+ Kf7 26. Rd7+ Kg6 27. Rxa7 Re1+ 28. Kh2 Re2 29. Kg3 Rxc2 30. Ra3 f4+ 31. Kf3 f5 32. h4 Kh5 33.
Ra7 h6 34. Ra6 Rxc3+ 35. Kxf4 Rc2 36. Kf3 Rc3+ 37. Kf4 Rc2 38. f3 Rxg2 39. Kxf5 Rf2 40. Kf4 c3 41. Ke3 Rb2 42. a4 Kxh4 43. Rxh6+ Kg5 44. Rc6 Ra2 45. Rc4 c2 46. Kd2 Ra3 47. Kxc2 Rxf3 48. Kb2 Kf5 49. a5 Ke6 0-1

[Event "Early-Titled-Tuesday-Blitz-October-17-2023"]
[Site "Chess.com"]
[Date "2023.10.17"]
[Round "3"]
[White "eljanov"]
[Black "GP9isback23"]
[Result "0-1"]
[WhiteElo "2862"]
[BlackElo "2662"]
[TimeControl "180+1"]
[EndTime "8:30:23 PDT"]
[Termination "GP9isback23 won on time"]

1. d4 Nf6 2. c4 e6 3. Nc3 Bb4 4. e3 O-O 5. Bd3 d5 6. a3 Be7 7. Nf3 c6 8. e4 dxe4 9. Nxe4 Nbd7 10. O-O c5 11. Be3 cxd4 12. Bxd4 b6 13. Qe2 Bb7 14.
Rfd1 Qc7 15. Rac1 Rac8 16. Neg5 Bc5 17. Bc3 h6 18. Ne4 Be7 19. b4 Rfd8 20. Nxf6+ Bxf6 21. Bxf6 Nxf6 22. Ne5 Nd7 23. Ng4 Nf8 24. Qe5 Qxe5 25. Nxe5 f6 26. Ng4 Kf7 27. f3 Rd7 28. Be2 Rdc7 29. Kf2 Ba6 30. Ne3 Ng6 31. Rd4 Ne5 32. f4 Nc6 33. Rd2 Ne7 34. h4 Bb7 35. h5 Be4 36. g4 Nc6 37. Rcd1 Ke7 38. Bf3 Bxf3 39.
Kxf3 Nd8 40. f5 Nb7 41. fxe6 Kxe6 42. Rd4 Re7 43. Nf5 Rec7 44. Re4+ Kf7 45. Rde1 Kf8 46. Rc1 Rd7 47. Rc3 Rcd8 48. Rce3 Nd6 49. Rd4 Nxf5 50.
Rxd7 Nh4+ 51. Kg3 Rxd7 52. Kxh4 Rd4 53. Rc3 f5 54. c5 Rxg4+ 55. Kh3 bxc5 56. Rxc5 Rg5 57.
Ra5 Rxh5+ 58. Kg3 f4+ 0-1

[Event "Early-Titled-Tuesday-Blitz-October-17-2023"]
[Site "Chess.com"]
[Date "2023.10.17"]
[Round "3"]
[White "GradualismUnleashed"]
[Black "Iball95"]
[Result "0-1"]
[WhiteElo "2620"]
[BlackElo "2820"]
[TimeControl "180+1"]
[EndTime "8:30:23 PDT"]
[Termination "Iball95 won by resignation"]

1. e4 c5 2. Nf3 e6 3. d4 cxd4 4.
Nxd4 Nf6 5. Nc3 Nc6 6. a3 d5 7. exd5 Nxd5 8. Nxc6 bxc6 9. Bd2 Be7 10. Bd3 O-O 11.
O-O c5 12. Ne4 Bb7 13. c4 Nf6 14. Nxf6+ Bxf6 15. Be3 Qc7 16. Qc2 h6 17. Rab1 a5 18.
b4 axb4 19. axb4 cxb4 20. Rxb4 Rfc8 21. Rxb7 Qxb7 22. Be4 Qa6 23. Bxa8 Qxa8 24. c5 Qc6 25. h3 Be7 26. Rd1 Bf8 27. Qc4 Ra8 28. Rb1 Rc8 29. Rc1 Ra8 30. Qg4 Kh7 31. Qf3 Qxf3 32. gxf3 Rc8 33. Kf1 Kg6 34. Ke2 f5 35. f4 Kf7 36.
Kd3 Ke8 37. Kc4 Kd7 38. Ra1 Be7 39. Ra7+ Ke8 40. Rb7 g5 41. Rb5 Kd7 42. fxg5 hxg5 43. f4 gxf4 44. Bxf4 Bd8 45. Rb7+ Kc6 46. Ra7 Bf6 47.
Ra6+ Kd7 48. Rd6+ Ke7 49. c6 e5 50. Rd7+ Ke6 51. Kb5 exf4 52. Kb6 Be5 53. h4 f3 54. Rd2 Rb8+ 55. Kc5 Rh8 56. Rf2 Rxh4 57. Rxf3 Bd6+ 58. Kb6 Rb4+ 59. Ka5 Kd5 60. Rc3 Rb8 61. c7 Rc8 62. Kb6 Rxc7 63. Rd3+ Ke6 0-1

[Event "Early-Titled-Tuesday-Blitz-October-17-2023"]
[Site "Chess.com"]
[Date "2023.10.17"]
[Round "3"]
[White "scarabee43"]
[Black "JiaHaoxiang"]
[Result "1-0"]
[WhiteElo "2788"]
[BlackElo "2581"]
[TimeControl "180+1"]
[EndTime "8:30:25 PDT"]
[Termination "scarabee43 won by checkmate"]

1. Nf3 Nf6 2. c4 c6 3. Nc3 d5 4. d4 dxc4 5. a4 Bf5 6. e3 e6 7. Bxc4 Bb4 8. O-O O-O 9. Qe2 Bg6 10. Ne5 Bh5 11. g4 Bg6 12. Rd1 Nbd7 13. Nxg6 hxg6 14.
e4 Qe7 15. Bg5 e5 16. d5 a5 17. h4 Nb6 18. Bb3 Rfd8 19. h5 gxh5 20. gxh5 Bxc3 21. bxc3 cxd5 22. exd5 e4 23. Qe3 Nbd7 24. h6 Qe5 25. Bf4 Qf5 26. hxg7 Ng4 27. Qg3 Ndf6 28. Bc7 Rd7 29. d6 Kxg7 30. Rd4 Rg8 31. Kf1 Kf8 32. Ke2 Nh5 33. Qh4 Nf4+ 34. Kd2 Ne5 35. Qh6+ Ke8 36. Kc2 e3+ 37. Kb2 exf2 38. Bc2 Nfd3+ 39. Bxd3 Nxd3+ 40. Kb3 Nc5+ 41. Kc4 Ne6 42. Rdd1 Nxc7 43. dxc7 Rxc7+ 44. Kb3 Qf3 45. Qd2 Kf8 46. Qd8+ Kg7 47. Qxc7 Re8 48. Qc5 Re3 49. Qd4+ f6 50. Rh1 Kg6 51. Raf1 Re2 52.
Rh2 Qf5 53. Rg2+ Kf7 54. Qc4+ Re6 55. Rgxf2 Qe5 56. Rd2 Ke7 57. Rfd1 Rb6+ 58. Ka3 Rc6 59. Rd7+ Ke8 60. Qf7# 1-0

[Event "Early-Titled-Tuesday-Blitz-October-17-2023"]
[Site "Chess.com"]
[Date "2023.10.17"]
[Round "3"]
[White "Kostya0705"]
[Black "GMKrikor"]
[Result "1-0"]
[WhiteElo "2649"]
[BlackElo "2812"]
[TimeControl "180+1"]
[EndTime "8:30:26 PDT"]
[Termination "Kostya0705 won by resignation"]

1. e4 e6 2. d4 d5 3. Nc3 Nf6 4. e5 Nfd7 5. f4 c5 6. Nf3 Nc6 7. Be3 a6 8. Ne2 Be7 9. c3 O-O 10. g4 f6 11. Bg2 b5 12. O-O Nb6 13. dxc5 Nc4 14. Bf2 Nxb2 15. Qc2 Nc4 16. a4 bxa4 17. Ned4 Nxd4 18. cxd4 a3 19. Rfb1 fxe5 20. fxe5 Bd7 21.
Nd2 Nxd2 22. Qxd2 Bg5 23. Qc2 Bb5 24. Rxa3 Bf4 25. Bg3 Qg5 26. Bxf4 Qxf4 27. Qd1 Qf2+ 28. Kh1 Rab8 29. Rf3 Rxf3 30. Bxf3 Rf8 31. Bg2 Rf4 32. h3 Qxd4 33. Qxd4 Rxd4 34. Bf1 Bxf1 35. Rxf1 Rc4 36. Ra1 Rxc5 37. Rxa6 Kf7 38. Ra7+ Kf8 39. Ra8+ Ke7 40. Ra7+ Kf8 41. Ra8+ Kf7 42. Ra7+ Kg6 43. Ra6 d4 44.
Rxe6+ Kg5 45. Rd6 Rc4 46. Rd7 g6 47. Kg2 Rc2+ 48. Kg3 Rc3+ 49. Kg2 d3 50. Kf3 d2+ 51. Ke4 Rxh3 52. Rxd2 Ra3 53. Rh2 h5 54. gxh5 gxh5 55.
Rg2+ Kh6 56. e6 Ra1 57. Re2 Kg7 58. Ke5 Ra5+ 59. Kd6 Ra6+ 60. Ke7 Ra7+ 61. Kd8 Ra8+ 62. Kc7 Ra7+ 63. Kb6 Re7 64. Kc6 h4 65. Kd6 Re8 66. e7 h3 67. Rh2 Kf6 68. Rf2+ Kg7 69. Kd7 Ra8 70. e8=Q Rxe8 71. Kxe8 Kg6 72. Rh2 1-0

[Event "Early-Titled-Tuesday-Blitz-October-17-2023"]
[Site "Chess.com"]
[Date "2023.10.17"]
[Round "3"]
[White "rikchessmx"]
[Black "masterofpuppets2"]
[Result "0-1"]
[WhiteElo "2264"]
[BlackElo "2509"]
[TimeControl "180+1"]
[EndTime "8:30:30 PDT"]
[Termination "masterofpuppets2 won by checkmate"]

1. e4 c5 2. Nf3 Nc6 3. d4 cxd4 4. Nxd4 Nf6 5. Nc3 d6 6. Bc4 e6 7. Be3 a6 8. Qe2 Be7 9. O-O-O Bd7 10. f3 b5 11. Bb3 Qc7 12. g4 Nxd4 13. Bxd4 O-O 14. g5 Nh5 15. Be3 b4 16. Na4 Bb5 17. Qd2 Rab8 18. Qxb4 Be2 19. Bb6 Qc6 20. h4 Bxf3 21. e5 dxe5 22. Qxe7 Bxh1 23. Bc5 Rfe8 24. Qd6 Rbc8 25.
Qxe5 Bf3 26. Re1 Rcd8 27. Bd4 Qd7 28. c3 Kh8 29. Nc5 Qc6 30. Nd3 f6 31. Qe3 e5 32.
Bb6 Rb8 33. Ba5 Rec8 34. Nb4 Qd6 35. Qxf3 Nf4 36. gxf6 Nd3+ 37. Kb1 Nxe1 38. fxg7+ Kxg7 39. Qg3+ Qg6+ 40. Qxg6+ hxg6 41. Nd5 Nd3 42. Bc7 Rb7 43. Bxe5+ Nxe5 44. h5 gxh5 45. Nf4 Kh6 46. Ne6 h4 47. Bc2 h3 48. Nf4 h2 49. Be4 Rf7 50. Ne6 Rf1+ 51. Kc2 h1=Q 52. Bxh1 Rxh1 53. Kb3 Rh2 54. Nd4 Rb8+ 55.
Ka3 Rhxb2 56. Nf5+ Kg5 57. Ne3 Nd3 58. Nc4 Rc2 59.
Ne5 Nxe5 60. c4 Rc3+ 61. Ka4 Rxc4+ 62. Ka5 Nc6+ 63. Kxa6 Ra8+ 64. Kb7 Rxa2 65. Kb6 Ne5 66. Kb5 Rc3 67. Kb4 Rc8 68. Kb3 Ra7 69. Kb4 Rb7+ 70. Ka4 Ra8# 0-1

[Event "Early-Titled-Tuesday-Blitz-October-17-2023"]
[Site "Chess.com"]
[Date "2023.10.17"]
[Round "3"]
[White "Thormento16"]
[Black "DTChess"]
[Result "1-0"]
[WhiteElo "2313"]
[BlackElo "2593"]
[TimeControl "180+1"]
[EndTime "8:30:31 PDT"]
[Termination "Thormento16 won by resignation"]

1. e4 e5 2. Nf3 Nc6 3. Bb5 a6 4.
Ba4 Nf6 5. O-O b5 6. Bb3 Be7 7. d3 O-O 8. Nc3 d6 9. a3 Bb7 10. Bg5 h6 11. Bxf6 Bxf6 12. Nd5 Nb8 13. Ba2 Nd7 14. b4 c5 15. c4 Bxd5 16. cxd5 Rc8 17. Qd2 Qb6 18. a4 c4 19. a5 Qd8 20. dxc4 bxc4 21.
Rfc1 g5 22. Bxc4 g4 23. Ne1 Bg5 24. Qe2 Bxc1 25. Rxc1 Nf6 26. Rb1 Kh7 27. Bxa6 Rb8 28. Bd3 Rg8 29. Nc2 Nh5 30. Qe3 Nf4 31. Bf1 Qc7 32. Na3 Rgc8 33. a6 Kg6 34. Nb5 Qc2 35. Re1 Rxb5 36. Bxb5 Rc3 37. Qa7 Qd2 38. Rf1 Rc1 39. g3 Nh3+ 40. Kg2 Rxf1 41. Bxf1 Qxb4 42. Qe3 Qa4 43. Qe2 h5 44. Qc4 Qa3 45. Qd3 Qb2 46. Qe3 Qa2 47. Qe2 Qa3 48. f3 Ng5 49. fxg4 hxg4 50. Qxg4 Qa2+ 51. Be2 Kf6 52. Qf5+ Ke7 53. Qxg5+ Kf8 54. Qh5 Qc2 55. Qh8+ Ke7 56. Qh4+ Kf8 57. Qg4 Qa2 58. Qf3 Ke7 59. Qf2 Qb2 60. a7 Qa2 61. Bf3 Qa4 62. Qe3 Qa2+ 63. Kh3 Qa1 64. Qg5+ Kd7 65. Qf5+ Ke7 66. Qg5+ Kf8 67. Qh6+ Ke7 68.
Qh4+ Kf8 69. a8=Q+ 1-0

[Event "Early-Titled-Tuesday-Blitz-October-17-2023"]
[Site "Chess.com"]
[Date "2023.10.17"]
[Round "3"]
[White "I_am_Javi"]
[Black "WPWPWP-2015"]
[Result "0-1"]
[WhiteElo "2733"]
[BlackElo "2553"]
[TimeControl "180+1"]
[EndTime "8:30:36 PDT"]
[Termination "WPWPWP-2015 won by resignation"]

1. e4 e5 2. Nf3 Nf6 3. d4 Nxe4 4. dxe5 d5 5. Bd3 Nc5 6. h3 Nxd3+ 7. cxd3 h6 8. O-O c5 9. d4 Nc6 10. Nc3 Be6 11.
Re1 b6 12. Be3 Be7 13. Qa4 Qd7 14. Rad1 c4 15. a3 a6 16. Ne2 b5 17. Qc2 a5 18.
Nf4 b4 19. Nxe6 Qxe6 20. axb4 axb4 21. Qe2 b3 22. Bd2 O-O 23. Ra1 Ra2 24. Bc3 Rfa8 25. Rab1 Bb4 26. Qe3 Bf8 27. Nh4 Be7 28. Nf3 Nb4 29.
Red1 Nd3 30. Ne1 Bg5 31. Qf3 Nxe1 32. Rxe1 R2a6 33. Qg4 Be7 34. f4 Qxg4 35. hxg4 Rg6 36. g5 hxg5 37. f5 Rga6 38. Kf2 f6 39. g4 g6 40. Kf3 Kg7 41. Rh1 Rh8 42. Rxh8 Kxh8 43. Re1 Kg7 44. e6 Ra8 45. Rh1 Rh8 46. Ra1 Rh3+ 47.
Kf2 gxf5 48. Ra7 Kf8 49. gxf5 Bd6 50. Rf7+ Ke8 51. Rxf6 Rxc3 52. Rg6 Rc2+ 53. Kf3 Rc1 54. f6 Rf1+ 55. Kg4 c3 56. bxc3 b2 57. Rg8+ Bf8 58.
e7 Rxf6 59. Kxg5 Rf1 60. exf8=Q+ Rxf8 61. Rxf8+ Kxf8 0-1

[Event "Early-Titled-Tuesday-Blitz-October-17-2023"]
[Site "Chess.com"]
[Date "2023.10.17"]
[Round "3"]
[White "bescmelasti"]
[Black "Haykoooo0o"]
[Result "1-0"]
[WhiteElo "2619"]
[BlackElo "2443"]
[TimeControl "180+1"]
[EndTime "8:30:36 PDT"]
[Termination "bescmelasti won by resignation"]

1. e4 g6 2. d4 Bg7 3. Nf3 c6 4. Nc3 d5 5. h3 dxe4 6. Nxe4 Nf6 7. Nxf6+ Bxf6 8. Bh6 Nd7 9. Bc4 Nb6 10. Bb3 a5 11. a4 Qd6 12. O-O Be6 13. Bxe6 Qxe6 14.
Re1 Qd6 15. c4 Nxc4 16. Qb3 Qb4 17. Qc2 Nd6 18. Ne5 Bxe5 19. Rxe5 Nf5 20. Bd2 Qd6 21.
Rae1 O-O 22. Bc3 Rfe8 23. Qb3 e6 24. Rxa5 Rxa5 25. Bxa5 Qd5 26. Qxd5 cxd5 27. Bc3 Ra8 28. Ra1 Kf8 29. Kf1 Ke8 30. Ke2 Kd7 31. Kd3 h5 32. g3 Nd6 33. b3 Ne4 34. Be1 Rc8 35. f3 Nd6 36. g4 hxg4 37. hxg4 Rh8 38. Bg3 Rh3 39.
Rg1 g5 40. Ke3 Nc8 41. Kf2 Ne7 42. Rc1 Nc6 43. b4 Nxb4 44. Rc7+ Ke8 45. Rxb7 Nc2 46. a5 Rh1 47. a6 Ra1 48. a7 Nxd4 49. Rb8+ Ke7 50.
a8=Q Rxa8 51. Rxa8 f6 52. Ra7+ Kf8 53. Bd6+ Kg8 54.
Kg2 Nb5 55. Rd7 d4 56. Bc5 e5 57. Bb6 Nc3 58. Bd8 Ne2 59. Bxf6 d3 60. Kf2 Nd4 61.
Bxe5 d2 62. Rxd4 1-0

[Event "Early-Titled-Tuesday-Blitz-October-17-2023"]
[Site "Chess.com"]
[Date "2023.10.17"]
[Round "3"]
[White "FrenchMonster2002"]
[Black "Martial2008"]
[Result "0-1"]
[WhiteElo "2438"]
[BlackElo "2618"]
[TimeControl "180+1"]
[EndTime "8:30:37 PDT"]
[Termination "Martial2008 won on time"]

1. e4 e5 2. Nf3 Nc6 3. Bb5 a6 4. Ba4 d6 5. d4 b5 6. Bb3 Nxd4 7.
Nxd4 exd4 8. c3 c5 9. cxd4 c4 10.
Bc2 Bb7 11. O-O Nf6 12. Nc3 Be7 13. Re1 O-O 14. a3 Re8 15. Qf3 Bf8 16. Bg5 h6 17. Bh4 Be7 18. Rad1 Nd5 19. Bxe7 Qxe7 20. h3 Nxc3 21.
bxc3 g6 22. Qe3 Kg7 23. d5 g5 24. g3 f5 25. Qd4+ Qf6 26. Qb6 Re7 27. exf5 Rae8 28. Re6 Rxe6 29. dxe6 Bf3 30. Rxd6 Qxc3 31. Qd4+ Qxd4 32.
Rxd4 Kf6 33. g4 Bc6 34. Kh2 Ke5 35. Rd1 a5 36. Kg3 b4 37. axb4 axb4 38. Re1+ Kf6 39. f4 b3 40. fxg5+ hxg5 41. Bd1 Bd5 42. h4 c3 43. hxg5+ Kxg5 44. Bxb3 Bxb3 45. Rc1 c2 46.
Kf3 Rc8 47. Ke3 Kxg4 48. f6 Bxe6 49. Kd3 Kg5 50. Kd2 Bf5 51. f7 Kf6 52. Rf1 c1=Q+ 53. Rxc1 Rd8+ 54. Ke3 Kxf7 55. Kf4 Be6 56. Rc7+ Kf6 57.
Rc5 Rd4+ 58. Ke3 Ra4 59. Rc3 Ke5 60. Kd3 Bd5 61. Ke3 Rh4 62. Rc8 Rh3+ 63. Kf2 Kd4 64.
Re8 Rf3+ 65. Ke2 Rg3 66. Kf2 Rg2+ 67. Kf1 Ra2 68. Ke1 Be4 69. Kd1 Ke3 70. Kc1 Rc2+ 71.
Kd1 Rc5 0-1

[Event "Early-Titled-Tuesday-Blitz-October-17-2023"]
[Site "Chess.com"]
[Date "2023.10.17"]
[Round "3"]
[White "ViktoriyaTarasova"]
[Black "Hambardzumyan_Yuri"]
[Result "0-1"]
[WhiteElo "2372"]
[BlackElo "2361"]
[TimeControl "180+1"]
[EndTime "8:30:38 PDT"]
[Termination "Hambardzumyan_Yuri won by resignation"]

1. d4 Nf6 2. c4 e6 3. Nc3 Bb4 4. e3 O-O 5. Bd3 d5 6. cxd5 exd5 7. Ne2 Re8 8. O-O c6 9. Ng3 Nbd7 10. f3 Nf8 11. Bd2 Be7 12. Nce2 c5 13. Rc1 cxd4 14.
Nxd4 Bd7 15. Ngf5 Rc8 16. Qb3 b6 17. Ba6 Rxc1 18. Rxc1 Bxf5 19. Nxf5 Bc5 20. Qd3 Ne6 21. b4 Bf8 22. Bb5 Nd7 23. Qxd5 Nc7 24. Qxd7 Nxb5 25.
Qxd8 Rxd8 26. Be1 g6 27. Ng3 Rd3 28. Nf1 Ra3 29. Rc2 Ra4 30. Rb2 Bg7 31. Rc2 Bf8 32. Rb2 Na3 33. Kf2 Nc4 34. Rc2 b5 35. Nd2 Ne5 36. Ne4 Nd3+ 37. Ke2 Nxe1 38. Kxe1 Bxb4+ 39. Ke2 Kg7 40. Ng3 a5 41. e4 Ra3 42. Nf1 Be7 43.
Ne3 Bf6 44. Nd5 Bd4 45. f4 h5 46. Rd2 Bc5 47. h3 h4 48. Rc2 Bd4 49. Rd2 Ba7 50. Rc2 Rg3 51. Kf1 Bd4 52. Rd2 Bc3 53. Rc2 b4 54. Nxc3 bxc3 55. Kf2 Kf6 56. Kf1 Ke6 57. Kf2 Kd6 58. Kf1 Kc5 59. f5 gxf5 60. exf5 Kc4 61.
Kf2 Kd3 62. Rc1 c2 63. Re1 Kc3 64. Rc1 Kb2 65. Rd1 cxd1=Q 0-1

[Event "Early-Titled-Tuesday-Blitz-October-17-2023"]
[Site "Chess.com"]
[Date "2023.10.17"]
[Round "3"]
[White "GM_Huschenbeth"]
[Black "HouseOfDurin"]
[Result "1/2-1/2"]
[WhiteElo "2527"]
[BlackElo "2279"]
[TimeControl "180+1"]
[EndTime "8:30:40 PDT"]
[Termination "Game drawn - insufficient material"]

1. e4 c5 2. Nf3 Nc6 3. d4 cxd4 4. Nxd4 g6 5. c4 Bg7 6. Nc3 d6 7. Be3 Nf6 8. Be2 O-O 9. O-O Nxd4 10. Bxd4 Be6 11.
Rc1 b6 12. f4 Rc8 13. b3 h5 14. Kh1 Bg4 15. f5 Bxe2 16. Qxe2 Qd7 17. Rcd1 Qb7 18. Qe3 e5 19. fxe6 fxe6 20. Qg5 e5 21. Bg1 Nxe4 22. Nxe4 Qxe4 23. Rxf8+ Rxf8 24. Rxd6 Rf1 25. Qd8+ Kh7 26. Rd1 Qe2 27. Rxf1 Qxf1 28. Qd5 Qe1 29. Qf3 e4 30. Qf2 Qd1 31. h3 Qd3 32. Qe3 Bh6 33. Qd4 Qxd4 34. Bxd4 Bd2 35. Kg1 g5 36. Kf1 Kg6 37. Ke2 Bc1 38. b4 Ba3 39. Bc3 Kf5 40. Ke3 Bc1+ 41.
Bd2 Bb2 42. c5 bxc5 43. bxc5 Be5 44. c6 Bc7 45. Bc3 Bf4+ 46. Ke2 Bc7 47. a4 a6 48.
Bd4 g4 49. hxg4+ hxg4 50. Ke3 Bf4+ 51. Ke2 Ke6 52. Bc5 Kd5 53. Be7 Kxc6 54. Bf8 Kd5 55.
Be7 Kc4 56. Bd8 Kb3 57. a5 Kb4 58. Bb6 Kb5 59. Bd8 Bc1 60. Bc7 Ba3 61. Ke3 Bb4 62. Kxe4 Bxa5 63. Be5 Bb6 64. Kf4 a5 65. Kxg4 Kc4 66.
Kf5 Bd4 67. Bxd4 Kxd4 68. g4 a4 69. g5 a3 70. g6 a2 71. g7 a1=Q 72. g8=Q Qf1+ 73.
Kg6 Qg2+ 74. Kf7 Qxg8+ 75. Kxg8 1/2-1/2

[Event "Early-Titled-Tuesday-Blitz-October-17-2023"]
[Site "Chess.com"]
[Date "2023.10.17"]
[Round "3"]
[White "chenrip"]
[Black "KChor05TTV"]
[Result "1-0"]
[WhiteElo "2486"]
[BlackElo "2689"]
[TimeControl "180+1"]
[EndTime "8:30:41 PDT"]
[Termination "chenrip won by resignation"]

1. e4 c5 2. Nf3 Nc6 3. Bb5 g6 4. O-O Bg7 5. a4 e5 6. Nc3 Nge7 7. d3 O-O 8. Be3 d6 9. h3 h6 10. Nh2 Be6 11. Bc4 Bxc4 12. dxc4 Nd4 13. Nd5 f5 14. c3 Ne6 15. Nxe7+ Qxe7 16. Qd5 Kh7 17. Rad1 Rad8 18. f4 exf4 19. Bxf4 Nxf4 20. Rxf4 Be5 21. Rff1 fxe4 22. Ng4 Bg3 23. Ne3 Bf4 24. Rde1 Qh4 25. Ng4 e3 26. Qxb7+ Kh8 27. Qe4 Rde8 28. Qxg6 e2 29.
Rf2 Be3 30. Rxe2 Bxf2+ 31. Rxf2 Rxf2 32. Qxe8+ Kg7 33. Nxf2 Qxc4 34. Qe7+ Kg8 35. Qxd6 Qxa4 36. Qxc5 Qa1+ 37. Kh2 Qxb2 38. Ne4 Qb8+ 39. Qd6 Qb7 40. Nf6+ Kf7 41. Nd5 a5 42. Qf6+ Ke8 43. Qe6+ Kd8 44.
Qd6+ Ke8 45. Nc7+ Kf7 46. c4 a4 47. Qe6+ Kg7 48. Qe5+ Kf8 49. Ne6+ Kf7 50. Qf5+ Ke7 51. Nf4 Qb8 52. Qe4+ Kd7 53. c5 a3 54. g3 a2 55.
Qd3+ Kc6 56. Qa6+ Kxc5 57. Qxa2 Qe5 58. Qc2+ Kb6 59. Qg2 h5 60. Qf2+ Kc7 61. Qc2+ Kd7 62. Qd3+ Kc7 63. Qe2 Qf5 64. Qxh5 Qc2+ 65. Qe2 Qc3 66.
h4 Qg7 67. h5 Qh6 68. Qc2+ Kd8 69. Qg6 Qf8 70. h6 Qa3 71. h7 Qb2+ 72. Kh3 Ke7 73. Qg8 Qb1 74. h8=Q Qh1+ 75. Kg4 Qd1+ 76. Kg5 1-0